Unix NetHack Version 5.0.0-0 post-release - last build Jun 10 2026 00:39:30 (3ee93aec679c4c4259841fe613dc97188e26a321,branch:main).

Game began 2026-06-24 22:02:13, ended 2026-06-24 22:25:00.

ARFwashere, neutral male human Tourist

                                                       #
                                             ###########-------
                                            ##         #....<.|
                            #####@q###########        ##|.....|
                            #   #                       ---.---
                                                           ###

ARFwashere the Sightseer    St:12 Dx:10 Co:15 In:18 Wi:9 Ch:17  Neutral
Dlvl:6  $:0  HP:0(38) Pw:25(25) AC:3  Xp:5 T:3364 

Latest messages:
 You destroy the elf zombie!
 Something is engraved here on the stairs.
 You read: "Elbereth".
 You climb up the stairs.
 You hear bubbling water.
 You descend the stairs.
 Something is engraved here on the stairs.
 You read: "Elbereth".
 You see here a sling.
 You descend the stairs.
 You hear a strange wind.
 You hit the rothe.
 The rothe hits!
 The rothe misses!
 The rothe bites!
 You hit the rothe.
 The rothe hits!
 The rothe misses!
 The rothe misses!
 You miss the rothe.
 The rothe hits!
 The rothe bites!
 The rothe misses!
 You miss the rothe.
 The rothe hits!
 The rothe bites!
 The rothe just misses!
 You hit the rothe.
 The rothe hits!
 The rothe bites!
 The rothe misses!
 You hit the rothe.
 The rothe just misses!
 The rothe bites!
 The rothe bites again!
 You miss the rothe.
 The rothe hits!
 The rothe misses!
 The rothe bites!
 In what direction? l
 The dart hits the rothe.
 The rothe hits!
 The rothe bites!
 The rothe bites again!
 You die...
 Do you want your possessions identified? [ynq] (y) y
 Do you want to see your attributes? [ynq] (y) n
 Do you want an account of creatures vanquished? [ynaq] (y) n
 Do you want to see your conduct and achievements? [ynq] (y) n
 Do you want to see the dungeon overview? [ynq] (y) n

Inventory:
 Weapons  (')')
  E - 11 blessed +0 darts (at the ready)
  a - 24 +2 darts
  B - a +0 dagger
  w - a +0 elven dagger (weapon in right hand)
  s - 2 +0 orcish daggers
 Armor    ('[')
  t - a blessed greased +1 orcish helm (being worn)
  k - an uncursed +0 Hawaiian shirt with a tropical fish motif (being worn)
  K - a blessed +1 scale mail (being worn)
 Comestibles  ('%')
  G - an uncursed carrot
  c - 4 uncursed food rations
  b - 4 uncursed pancakes
  z - an uncursed sprig of wolfsbane
  d - 2 uncursed tripe rations
  v - an uncursed tripe ration
 Scrolls  ('?')
  M - an uncursed scroll of create monster
  Q - a cursed scroll of create monster
  P - a blessed scroll of food detection
  p - an uncursed scroll of gold detection
  x - an uncursed scroll of light
  j - 2 blessed scrolls of magic mapping
  i - 2 uncursed scrolls of magic mapping
  H - a blessed scroll of teleportation
 Potions  ('!')
  r - a cursed potion of confusion
  h - 2 uncursed potions of extra healing
  N - an uncursed potion of monster detection
  C - an uncursed potion of restore ability
 Rings    ('=')
  D - a cursed -1 ring of adornment
  J - an uncursed ring of sustain ability
 Wands    ('/')
  F - a wand of cold (0:5)
  I - a wand of light (0:13)
 Tools    ('(')
  R - an uncursed blindfold
  u - a can of grease (0:24)
  m - an uncursed credit card
  l - an expensive camera (0:78)
 Gems/Stones  ('*')
  q - an uncursed worthless piece of black glass
  O - an uncursed worthless piece of green glass

ARFwashere the Tourist's attributes:

Background:
 You were a Sightseer, a level 5 male human Tourist.
 You were neutral, nominally on a mission for The Lady
 who was opposed by Blind Io (lawful) and Offler (chaotic).
 You were right-handed.
 You were in the Dungeons of Doom, on level 6.
 You entered the dungeon 3364 turns ago.
 It was nighttime.
 You had 173 experience points, 147 more were needed to attain level 6.

Basics:
 You had 0 out of 38 hit points.
 You had all 25 energy points (spell power).
 Your armor class was 3.
 Your wallet was empty.
 Autopickup was on for '$' plus thrown.

Final Characteristics:
 Your strength was 12 (limit:18/100).
 Your dexterity was 10 (limit:18).
 Your constitution was 15 (limit:18).
 Your intelligence was 18 (limit:18).
 Your wisdom was 9 (limit:18).
 Your charisma was 17 (limit:18).

Final Status:
 You weren't hungry.
 You were unencumbered.
 You were wielding a dagger.
 You had basic skill with dagger.

Final Attributes:
 You were piously aligned.
 You were telepathic.
 You were warded.
 You are dead.

Miscellaneous:
 You didn't encounter any bones levels.
 Total elapsed playing time was 22 minutes and 46 seconds.

Major events:
 Turn
    1: ARFwashere the neutral male human Tourist entered the dungeon
  610: attained the rank of Sightseer (level 3)
  951: entered the Gnomish Mines
 3364: killed by a rothe

You didn't know any spells.

Skills:
 Fighting Skills
   bare handed combat [Unskilled]
   two weapon combat  [Unskilled]
   riding             [Unskilled]
 Weapon Skills
   dagger             [Basic]
   knife              [Unskilled]
   axe                [Unskilled]
   pick-axe           [Unskilled]
   short sword        [Unskilled]
   broadsword         [Unskilled]
   long sword         [Unskilled]
   two-handed sword   [Unskilled]
   saber              [Unskilled]
   mace               [Unskilled]
   morning star       [Unskilled]
   flail              [Unskilled]
   hammer             [Unskilled]
   quarterstaff       [Unskilled]
   polearms           [Unskilled]
   spear              [Unskilled]
   trident            [Unskilled]
   lance              [Unskilled]
   bow                [Unskilled]
   sling              [Unskilled]
   crossbow           [Unskilled]
   dart               [Basic]
   shuriken           [Unskilled]
   boomerang          [Unskilled]
   whip               [Unskilled]
   unicorn horn       [Unskilled]
 Spellcasting Skills
   divination spells  [Unskilled]
   enchantment spells [Unskilled]
   escape spells      [Unskilled]

Voluntary challenges:
 Character rerolling was not enabled.
 You were an atheist.
 You never genocided any monsters.
 You never polymorphed an object.
 You never changed form.
 You used no wishes.
Achievements:
 You entered a shop.
 You attained the rank of Sightseer.
 You entered the Gnomish Mines.

 The Dungeons of Doom: levels 1 to 6
    Level 1:
    Level 2:
       A food shop, a fountain.
       Stairs down to The Gnomish Mines.
    Level 3:
    Level 4:
       A fountain, a grave.
    Level 5:
       A fountain.
    Level 6: <- You were here.
       Final resting place for
          you, killed by a rothe.
 The Gnomish Mines:
    Level 3:


Vanquished creatures:
  2 leprechauns
 an elf zombie
  a giant ant
  3 floating eyes
  a rothe
  a rabid rat
  a giant bat
 an acid blob
  2 coyotes
  2 gas spores
  2 hobbits
  3 manes
  a large kobold
  a giant rat
  a yellow mold
  a green mold
  a red mold
  a garter snake
  a gnome zombie
  5 geckos
  9 jackals
  a fox
  2 kobolds
  3 goblins
  3 sewer rats
  6 grid bugs
  a bat
  4 lichens
  2 kobold zombies
  4 newts
67 creatures vanquished.

No species were genocided or became extinct.

Game over:
                       ----------
                      /          \
                     /    REST    \
                    /      IN      \
                   /     PEACE      \
                  /                  \
                  |    ARFwashere    |
                  |       0 Au       |
                  |   killed by a    |
                  |      rothe       |
                  |                  |
                  |                  |
                  |       2026       |
                 *|     *  *  *      | *
        _________)/\\_//(\/(/\)/\//\/|_)_______

Aloha ARFwashere the Tourist...

You died in The Dungeons of Doom on dungeon level 6 with 942 points,
and 0 pieces of gold, after 3364 moves.
You were level 5 with a maximum of 38 hit points when you died.

